 Dungeon Crawl Stone Soup version 0.22-a0-603-gfc1114d (webtiles) character file.

2253 Amnesiac the Arsonist (level 9, -3/45 HPs)
             Began as a Deep Elf Wizard on July 7, 2018.
             Was an Elder of Vehumet.
             Slain by an orc warrior
             ... wielding a +0 trident
              (18 damage)
             ... in a bailey.
             The game lasted 00:14:03 (7352 turns).

Amnesiac the Arsonist (Deep Elf Wizard)             Turns: 7352, Time: 00:14:04

Health: -3/45      AC:  5    Str:  4    XL:     9   Next: 15%
Magic:  1/22       EV: 12    Int: 27    God:    Vehumet [****..]
Gold:   129        SH:  4    Dex:  8    Spells: 7/23 levels left

rFire    . . .     SeeInvis .   F - +5 dagger "Joimo" {drain, rElec rC+++ rN+ Dex-5}
rCold    + + +     Gourm    .   (no shield)
rNeg     + . .     Faith    .   a - +0 robe
rPois    .         Spirit   .   (no helmet)
rElec    +         Reflect  +   (no cloak)
rCorr    .         Harm     .   (no gloves)
MR       .....                  m - +2 pair of boots
Stlth    ++........             r - +4 amulet of reflection
HPRegen  0.15/turn              f - ring of wizardry
MPRegen  0.18/turn              (no ring)

@: no status effects
A: no striking features
a: Renounce Religion


You were in a bailey.
You worshipped Vehumet.
Vehumet was greatly pleased with you.
You were hungry.

You visited 1 branch of the dungeon, and saw 8 of its levels.
You also visited: Sewer and Bailey.

You collected 325 gold pieces.
You spent 196 gold pieces at shops.

Inventory:

Hand Weapons
 t - a +0 short sword of venom
 F - the +5 dagger "Joimo" (weapon) {drain, rElec rC+++ rN+ Dex-5}
   (You bought it in a shop on level 6 of the Dungeon)

   A truly terrible weapon, it drains the life of those it strikes.
   It affects your dexterity (-5).
   It renders you almost immune to cold.
   It insulates you from electricity.
   It protects you from negative energy.
Armour
 a - a +0 robe (worn)
 m - a +2 pair of boots (worn)
 E - a +0 pair of gloves
Jewellery
 f - a ring of wizardry (left hand)
 r - a +4 amulet of reflection (around neck)
Wands
 l - a wand of flame (29)
 y - a wand of digging (8)
 C - a wand of iceblast (7)
Scrolls
 b - 3 scrolls of fog {!r, unknown}
 e - a scroll of immolation {!r, unknown}
 g - 2 scrolls of magic mapping {!r, unknown}
 h - 11 scrolls of identify {!r, unknown}
 i - 2 scrolls of noise {!r, unknown}
 j - 5 scrolls of remove curse {!r, unknown}
 k - a scroll of enchant armour {!r, unknown}
 n - 5 scrolls of teleportation {!r, unknown}
 o - a scroll of amnesia {!r, unknown}
 w - 2 scrolls of blinking {!r, unknown}
 x - 2 scrolls of fear {!r, unknown}
Potions
 c - a potion of heal wounds {!q, unknown}
 p - 2 potions of lignification {!q, unknown}
 q - a potion of mutation {!q, unknown}
 s - 5 potions of curing {!q}
 u - 2 potions of might {!q, unknown}
 v - a potion of haste {!q, unknown}
 z - 4 potions of brilliance {!q, unknown}
 A - a potion of magic {!q, unknown}
 B - a potion of agility {!q, unknown}
 D - a potion of resistance {!q, unknown}
 G - a potion of berserk rage {!q, unknown}
Comestibles
 d - 12 rations


   Skills:
 - Level 2.4 Dodging
 - Level 2.4 Stealth
 + Level 7.9 Spellcasting
 * Level 8.6 Conjurations
 - Level 1.1 Summonings
 - Level 1.1 Translocations
 * Level 8.6 Fire Magic


You had 7 spell levels left.
You knew the following spells:

 Your Spells              Type           Power        Failure   Level  Hunger
a - Throw Flame           Conj/Fire      ######       1%          2    None
b - Call Imp              Summ           ###.....     1%          2    None
c - Magic Dart            Conj           ####         1%          1    None
d - Stone Arrow           Conj/Erth      ####..       1%          3    None
e - Mephitic Cloud        Conj/Pois/Air  ####....     1%          3    None
s - Conjure Flame         Conj/Fire      ######..     1%          3    None
v - Blink                 Tloc           N/A          1%          2    None

Your spell library contained the following spells:

 Spells                   Type           Power        Failure   Level  Hunger
 Slow                     Hex            ##......     3%          2    None


Dungeon Overview and Level Annotations

Branches:
Dungeon (8/15)             Temple (0/1) D:6
   Lair: D:8-11

Altars:
Elyvilon
Qazlal
Sif Muna
Vehumet
Wu Jian

Shops:
D:6 (


Message History

Aiming: Throw Flame (safe; 1% risk of failure)
Press: ? - help, Shift-Dir - straight line, f - orc
Aim: an orc, wielding a trident and wearing a chain mail The puff of flame hits the orc.
You kill the orc!
Vehumet accepts your kill.
You feel your power returning.
Unknown command.
Casting: Throw Flame (safe; 1% risk of failure)
Confirm with . or Enter, or press ? or * to list all spells.
Aiming: Throw Flame (safe; 1% risk of failure)
Press: ? - help, Shift-Dir - straight line, f - orc warrior
Aim: an orc warrior, wielding an enchanted spear The puff of flame misses the orc warrior.
The orc shouts!
You hear a shout!
Casting: Throw Flame (safe; 1% risk of failure)
Confirm with . or Enter, or press ? or * to list all spells.
Aiming: Throw Flame (safe; 1% risk of failure)
Press: ? - help, Shift-Dir - straight line, f/p - orc warrior
Aim: an orc warrior, wielding an enchanted spear The puff of flame hits the orc warrior.
The orc warrior is moderately wounded.
The orc warrior hits you from afar with an enchanted spear!
Casting: Throw Flame (safe; 1% risk of failure)
Confirm with . or Enter, or press ? or * to list all spells.
Aiming: Throw Flame (safe; 1% risk of failure)
Press: ? - help, Shift-Dir - straight line, f/p - orc warrior
Aim: an orc warrior, wielding an enchanted spear (moderately wounded)
The puff of flame hits the orc warrior.
The orc warrior is severely wounded.
The orc warrior barely misses you. The orc barely misses you.
The orc closely misses you.
Casting: Throw Flame (safe; 1% risk of failure)
Confirm with . or Enter, or press ? or * to list all spells.
Aiming: Throw Flame (safe; 1% risk of failure)
Press: ? - help, Shift-Dir - straight line, f/p - orc warrior
Aim: an orc warrior, wielding an enchanted spear (severely wounded)
The puff of flame hits the orc warrior.
The orc warrior is severely wounded.
The orc warrior hits you from afar with an enchanted spear!
Unknown command.
Casting: Throw Flame (safe; 1% risk of failure)
Confirm with . or Enter, or press ? or * to list all spells.
Aiming: Throw Flame (safe; 1% risk of failure)
Press: ? - help, Shift-Dir - straight line, f/p - orc warrior
Aim: an orc warrior, wielding an enchanted spear (severely wounded)
The puff of flame hits the orc warrior.
You kill the orc warrior!
Vehumet accepts your kill. The orc hits you with a war axe!
* * * LOW HITPOINT WARNING * * *
The orc barely misses you.
Unknown command.
The orc hits you with a war axe!
* * * LOW HITPOINT WARNING * * *
An orc comes into view. It is wielding a halberd.
Casting: Throw Flame (safe; 1% risk of failure)
Confirm with . or Enter, or press ? or * to list all spells.
You don't have enough magic to cast that spell.
Really quaff
s - 6 golden potions {!q}?
It was a potion of curing {!q}.
You feel better. You block the orc's attack.
The orc hits you but does no damage.
The orc warrior hits you from afar with a trident!!
You die...

#######
##..o@.##
#...o...#
#∩..oo.∩#
#.......#
#..)....#
#...)...#
#.......#
#.......#
#.......#


You could see an orc warrior and 3 orcs.

Vanquished Creatures
  Grinder (D:3)
  A hippogriff (D:5)
  Sigmund (D:2)
  3 orc warriors
  An ice beast (D:7)
  2 ogres
  A centaur (D:6)
  4 bullfrogs
  A scorpion (D:7)
  3 howler monkeys (D:7)
  2 crimson imps (D:7)
  A jelly (D:7)
  An orc priest (D:6)
  3 hounds
  2 orc wizards (D:6)
  Ijyb (D:5)
  An iguana (D:7)
  A worker ant (D:5)
  2 hound skeletons
  8 adders
  9 river rats
  An ooze (D:2)
  An adder zombie (D:7)
  6 worms
  4 dart slugs (D:2)
  4 leopard geckos
  17 orcs
  4 giant cockroaches
  6 goblins
  7 hobgoblins
  14 jackals
  2 quokkas (D:2)
  14 ball pythons
  9 bats
  8 frilled lizards
  5 kobolds
  A leopard gecko skeleton (D:4)
  A quokka zombie (D:7)
  31 rats
184 creatures vanquished.

Vanquished Creatures (collateral kills)
  An adder skeleton (D:4)
1 creature vanquished.

Grand Total: 185 creatures vanquished

Notes
Turn   | Place    | Note
-------+----------+-------------------------------------------
     0 | D:1      | Amnesiac the Deep Elf Wizard began the quest for the Orb.
     0 | D:1      | Reached XP level 1. HP: 10/10 MP: 7/7
   149 | D:1      | Reached XP level 2. HP: 15/15 MP: 6/9
   155 | D:1      | Learned a level 2 spell: Blink
   158 | D:1      | Learned a level 2 spell: Call Imp
   804 | D:2      | Reached XP level 3. HP: 16/19 MP: 9/11
   809 | D:2      | Learned a level 3 spell: Conjure Flame
   813 | D:2      | Learned a level 3 spell: Mephitic Cloud
  1109 | D:4      | Noticed an ogre
  1126 | D:4      | Killed an ogre
  1126 | D:4      | Reached skill level 5 in Spellcasting
  1126 | D:4      | Reached skill level 5 in Conjurations
  1126 | D:4      | Reached XP level 4. HP: 21/24 MP: 0/13
  1126 | D:4      | Reached XP level 5. HP: 24/28 MP: 0/14
  1227 | D:4      | Found a radiant altar of Vehumet.
  1334 | D:4      | Became a worshipper of Vehumet
  1613 | D:1      | Reached * piety under Vehumet
  1613 | D:1      | Offered knowledge of Flame Tongue by Vehumet.
  2096 | D:2      | Noticed Sigmund
  2116 | D:2      | Killed Sigmund
  2116 | D:2      | Reached XP level 6. HP: 32/32 MP: 4/15
  2423 | D:3      | Noticed Grinder
  2503 | D:3      | Killed Grinder
  2503 | D:3      | Reached skill level 5 in Fire Magic
  2503 | D:3      | Reached XP level 7. HP: 20/36 MP: 5/16
  2695 | D:3      | Offered knowledge of Throw Flame by Vehumet.
  2788 | D:3      | Learned a level 2 spell: Throw Flame
  2836 | D:3      | Reached ** piety under Vehumet
  3758 | D:5      | Entered Level 5 of the Dungeon
  3787 | D:5      | Found a deep blue altar of Sif Muna.
  3838 | D:5      | Found a glowing drain.
  3843 | Sewer    | Entered a sewer
  4150 | Sewer    | Offered knowledge of Stone Arrow by Vehumet.
  4259 | Sewer    | Reached *** piety under Vehumet
  4631 | D:5      | Found an ornate altar of the Wu Jian Council.
  4830 | D:5      | Noticed a hippogriff
  4836 | D:5      | Killed a hippogriff
  4836 | D:5      | Reached XP level 8. HP: 41/41 MP: 9/19
  4914 | D:5      | Learned a level 3 spell: Stone Arrow
  4951 | D:5      | Noticed Ijyb
  4959 | D:5      | Killed Ijyb
  5099 | D:5      | Offered knowledge of Fulminant Prism by Vehumet.
  5711 | D:6      | Found Feomen's Antique Weapon Emporium.
  5714 | D:6      | Bought a slimy dagger for 196 gold pieces
  5714 | D:6      | Identified the +5 dagger "Joimo" {drain, rElec rC+++ rN+ Dex-5} (You bought it in a shop on level 6 of the Dungeon)
  5791 | D:6      | Found a white marble altar of Elyvilon.
  6145 | D:6      | Found a staircase to the Ecumenical Temple.
  6569 | D:7      | Found a stormy altar of Qazlal.
  6832 | D:7      | Reached XP level 9. HP: 45/45 MP: 12/22
  7328 | D:8      | Found a flagged portal.
  7331 | Bailey   | Entered a bailey
  7339 | Bailey   | Reached **** piety under Vehumet
  7352 | Bailey   | Slain by an orc warrior

Vault maps used:
D:1:      dpeg_arrival_orchard
D:2:      uniq_sigmund
D:3:      uniq_grinder
D:4:      kennysheep_mini, first_ration
D:5:      overflow_temple_1_default, lemuel_crystal_altar,
          lightli_sewer_entry_pipes, roderic_lattice_a, uniq_ijyb
D:6:      elyvilon_altar_3, minmay_temple_entry_overgrown, serial_shops,
          nicolae_shop_window_shopping
D:7:      overflow_temple_1_default
D:8:      dancing_weapons_uskayaw, gammafunk_temple_overflow_pools,
          lair_entry_dummy, enter_bailey_1
Sewer:    sewer_minmay_w
Bailey:   bailey_polearm_5, bailey

Skill      XL: |  1  2  3  4  5  6  7  8 |
---------------+-------------------------+-----
Conjurations   | 2 3 5 6 8 |  8.6
Spellcasting   | 5 6 7 |  7.9
Fire Magic     | 3 5 6 8 |  8.6
Dodging        | |  2.4
Stealth        | |  2.4
Summonings     | |  1.1
Translocations | |  1.1

Action                   |  1- 3 |  4- 6 |  7- 9 || total
-------------------------+-------+-------+-------++-------
Melee: Unarmed           |     8 |       |     2 ||    10
       Short sword       |       |       |     2 ||     2
       Dagger            |       |       |     2 ||     2
 Cast: Magic Dart        |    83 |    88 |    26 ||   197
       Mephitic Cloud    |     1 |     1 |       ||     2
       Conjure Flame     |     1 |     6 |       ||     7
       Call Imp          |     1 |       |       ||     1
       Throw Flame       |       |       |   177 ||   177
       Stone Arrow       |       |       |     8 ||     8
Evoke: Wand              |       |     2 |       ||     2
  Use: Potion            |       |       |     1 ||     1
  Eat: Chunk             |       |     5 |    14 ||    19
Armor: Robe              |    19 |     1 |     6 ||    26
Dodge: Dodged            |    58 |    12 |    25 ||    95
Block: Other             |       |       |     3 ||     3

Table legend:
 A = Spawn XP
 B = Non-spawn XP
 C = Spawn XP percentage of total XP
 D = Spawn monster count
 E = Non-spawn monster count
 F = Spawn count percentage of total count
 G = Total turns spent on level
                    A         B        C        D         E        F      G
               +---------+---------+-------+---------+---------+-------+---------
         Total |       0 |    3219 |   0.0 |       0 |     185 |   0.0 |  7352
               +---------+---------+-------+---------+---------+-------+---------
           D:1 |       0 |      40 |   0.0 |       0 |      23 |   0.0 |   838
           D:2 |       0 |     300 |   0.0 |       0 |      38 |   0.0 |  1029
           D:3 |       0 |     367 |   0.0 |       0 |      18 |   0.0 |  1084
           D:4 |       0 |     209 |   0.0 |       0 |       6 |   0.0 |   807
           D:5 |       0 |     447 |   0.0 |       0 |      17 |   0.0 |  1110
           D:6 |       0 |     527 |   0.0 |       0 |      13 |   0.0 |   809
           D:7 |       0 |     718 |   0.0 |       0 |      16 |   0.0 |   980
         Sewer |       0 |     337 |   0.0 |       0 |      48 |   0.0 |   671
        Bailey |       0 |     274 |   0.0 |       0 |       6 |   0.0 |    21
               +---------+---------+-------+---------+---------+-------+---------
